 Dungeon Crawl Stone Soup version 0.16-a0-1196-ged0958e (webtiles) character file.

1375 Psiweapon the Nimble (level 8, -14/56 HPs)
             Began as a Merfolk Assassin on Oct 11, 2014.
             Demolished by an orc warrior
             ... wielding a +0 mace
              (17 damage)
             ... on level 6 of the Dungeon.
             The game lasted 00:34:21 (5930 turns).

Psiweapon the Nimble (Merfolk Assassin)             Turns: 5930, Time: 00:34:21

Health: -14/56     AC:  4    Str: 12    XL:     8   Next: 66%
Magic:  8/8        EV: 20    Int: 10    God:
Gold:   322        SH:  0    Dex: 17    Spells: 3 memorised, 2 levels left

rFire  + + +     SeeInvis +     T - +0 glaive
rCold  . . .     Clarity  .     c - +0 robe
rNeg   . . .     SustAb   .     (no shield)
rPois  .         Gourm    .     f - +0 helmet
rElec  .         Spirit   .     d - +0 cloak
rCorr  .         Warding  .     J - -2 pair of gloves of Kuttinuu {rF++ SInv}
rMut   .         Stasis   .     C - +0 pair of boots
MR     .....                    (no amulet)
Stlth  +++.......               L - ring of teleport control
                                t - ring of protection from fire

@: about to teleport, not resistant to hostile enchantments, fairly stealthy
A: change form in water, swift swim, repulsion field 1, sense surroundings 1,
spit poison 1
a: Spit Poison, Evoke Teleport Control


You were on level 6 of the Dungeon.
You were hungry.

You visited 1 branch of the dungeon, and saw 6 of its levels.

You collected 439 gold pieces.
You spent 117 gold pieces at shops.

Inventory:

Hand weapons
 a - a +2 dagger
 b - a +0 blowgun
 n - a +0 spear
 p - a +0 hunting sling
 r - a +0 short sword of venom
 w - a +1 dagger of holy wrath
 x - a +1 war axe of electrocution
 y - a cursed -2 dagger
 B - a +4 trident
 E - a +2 quarterstaff of chaos
 H - a +2 dagger of holy wrath
 T - a +0 glaive (weapon)
Missiles
 e - 7 poisoned needles
 j - 6 javelins (quivered)
 o - 56 stones
 M - 3 tomahawks
 O - 33 bolts
 U - a curare-tipped needle
Armour
 c - a +0 robe (worn)
 d - a +0 cloak (worn)
 f - a +0 helmet (worn)
 u - a +0 large shield
 C - a +0 pair of boots (worn)
 J - the -2 pair of gloves of Kuttinuu (worn) {rF++ SInv}
   (You found it on level 5 of the Dungeon)

   It greatly protects you from fire.
   It enhances your eyesight.
 N - a +0 cloak
Magical devices
 v - a wand of confusion (21)
Comestibles
 g - 8 bread rations
 i - 2 meat rations
 m - a beef jerky
 V - 3 rotting chunks of orc flesh
Scrolls
 h - 2 scrolls of enchant weapon {unknown}
 q - 3 scrolls of amnesia {unknown}
 s - 5 scrolls of remove curse
 F - 3 scrolls of noise {unknown}
 I - a scroll of random uselessness {unknown}
 K - a scroll of torment {unknown}
Jewellery
 k - an uncursed ring of flight
 t - a ring of protection from fire (left hand)
 L - a ring of teleport control (right hand)
Potions
 l - 3 potions of agility
 z - a potion of flight
 A - a potion of brilliance
 D - 2 potions of restore abilities
 G - a potion of haste
 Q - a potion of mutation
 S - a potion of curing
Books
 R - a book of Minor Magic

   Spells                             Type                      Level
   *Magic Dart                        Conjuration                  1
   *Blink                             Translocation                2
   *Call Imp                          Summoning                    2
   Repel Missiles                     Charms/Air                   2
   Slow                               Hexes                        2
   Conjure Flame                      Conjuration/Fire             3
   Mephitic Cloud                     Conjuration/Poison/Air       3


   Skills:
 - Level 2.1 Fighting
 - Level 5.0 Short Blades
 + Level 8.5 Polearms
 - Level 2.0 Throwing
 + Level 9.0 Dodging
 - Level 5.7 Stealth


You had 2 spell levels left.
You knew the following spells:

 Your Spells              Type           Power        Failure   Level  Hunger
a - Magic Dart            Conj           #...         38%         1    ##.....
b - Blink                 Tloc           N/A          61%         2    ###....
c - Call Imp              Summ           #.......     61%         2    ###....


Dungeon Overview and Level Annotations

Branches:
Dungeon (6/15)
 Temple: D:4-7

Altars:
Elyvilon
Gozag
Makhleb
Okawaru

Shops:
D:5 }[*

Annotations:
D:5 exclusions: 7 doors, ice beast and 12 more exclusions
D:6 Dowan


Innate Abilities, Weirdness & Mutations

You revert to your normal form in water.
You are very nimble and swift while swimming.
You are surrounded by a mild repulsion field (EV +2).
You passively map a small area around you.
You can spit poison.


Message History

Your surroundings seem slightly different.
Read which item? (? for menu, Esc to quit)
As you read the scroll of teleportation, it crumbles to dust.
You feel strangely unstable.
An orc comes into view. It is wielding a runed trident.
Attack whom?
Press: ? - help, Dir - move target cursor, f/p - orc priest
Aim: an orc priest, wielding a dagger The orc warrior is in the way.
You hit the orc warrior but do no damage.
The orc warrior is moderately wounded.
The orc warrior hits you with a mace!
* * * LOW HITPOINT WARNING * * *
Drink which item? (? for menu, Esc to quit)
You feel extremely strange.
You feel a strange attunement to the structure of the dungeons.
You begin to radiate repulsive energy.
There is a nasty taste in your mouth for a moment.
It was a potion of mutation.
The orc warrior hits you with a mace!
You die...

###### #....# #############
#l##'# #..ooo@.....# # ##.##
#.#########.#* ,#8.8# #)# ,
##.## #.# * #8.8# #o# ##.##
#.# , #8.8# ######.#######
*##.## #.............. *
#8.8#
#.####o###.#.############.##


You could see an orc warrior, an orc priest and an orc.

Vanquished Creatures
  A water moccasin (D:6)
  A black bear (D:6)
  An orc warrior (D:6)
  2 ogres (D:5)
  A centaur (D:5)
  A scorpion (D:4)
  3 hounds
  A goliath beetle (D:6)
  An iguana (D:5)
  Crazy Yiuf (D:6)
  An orc priest (D:3)
  Natasha (D:6)
  6 orc wizards
  3 worker ants
  Ijyb (D:2)
  Terence (D:2)
  3 gnolls (D:6)
  An orc zombie (D:6)
  6 adders
  3 shadow imps
  3 giant mites
  6 worms
  6 giant geckos
  23 orcs
  3 ball pythons
  6 goblins
  9 hobgoblins
  6 jackals
  12 bats
  5 giant cockroaches
  3 giant newts
  A hobgoblin skeleton (D:6)
  A hobgoblin zombie (D:6)
  A jackal zombie (D:5)
  7 kobolds
  A kobold zombie (D:6)
  2 quokkas
  8 rats
142 creatures vanquished.

Notes
Turn   | Place    | Note
--------------------------------------------------------------
     0 | D:1      | Psiweapon, the Merfolk Assassin, began the quest for the Orb.
     0 | D:1      | Reached XP level 1. HP: 16/16 MP: 1/1
   147 | D:1      | Reached XP level 2. HP: 19/22 MP: 2/2
   439 | D:1      | Reached skill level 5 in Stealth
   953 | D:2      | Reached XP level 3. HP: 27/27 MP: 3/3
  1053 | D:2      | Found a white marble altar of Elyvilon.
  1074 | D:2      | Noticed Ijyb
  1101 | D:2      | Killed Ijyb
  1466 | D:2      | Noticed Terence
  1473 | D:2      | Killed Terence
  1473 | D:2      | Reached XP level 4. HP: 33/33 MP: 4/4
  1663 | D:3      | Found an opulent altar of Gozag.
  1764 | D:3      | Reached XP level 5. HP: 38/38 MP: 5/5
  2729 | D:3      | Reached skill level 5 in Short Blades
  2729 | D:3      | Reached XP level 6. HP: 44/44 MP: 6/6
  2738 | D:3      | Reached skill level 1 in Polearms
  2992 | D:4      | Reached skill level 5 in Dodging
  3710 | D:5      | Entered Level 5 of the Dungeon
  3745 | D:5      | Found Foamuef's Gadget Shoppe.
  3794 | D:5      | Reached XP level 7. HP: 28/50 MP: 7/7
  4031 | D:5      | Reached skill level 6 in Dodging
  4097 | D:5      | Found Smaun's Armour Boutique.
  4100 | D:5      | Bought a +0 helmet for 67 gold pieces
  4194 | D:5      | Reached skill level 5 in Polearms
  4208 | D:5      | Reached skill level 7 in Dodging
  4322 | D:5      | Found an iron altar of Okawaru.
  4408 | D:5      | Got a pair of steaming gloves
  4414 | D:5      | Identified the cursed -2 pair of gloves of Kuttinuu {rF++ SInv} (You found it on level 5 of the Dungeon)
  4881 | D:6      | Reached XP level 8. HP: 56/56 MP: 8/8
  4903 | D:6      | Noticed Natasha
  4907 | D:6      | Killed Natasha
  4917 | D:5      | Found Ziokang's General Store.
  4921 | D:5      | Learned a level 1 spell: Magic Dart
  4924 | D:5      | Learned a level 2 spell: Blink
  4927 | D:5      | Learned a level 2 spell: Call Imp
  4932 | D:5      | Bought a potion of curing for 20 gold pieces
  4932 | D:5      | Bought a scroll of remove curse for 30 gold pieces
  4952 | D:5      | Found a burning altar of Makhleb.
  5193 | D:6      | Noticed Crazy Yiuf
  5199 | D:6      | Killed Crazy Yiuf
  5275 | D:6      | Reached skill level 8 in Dodging
  5655 | D:6      | Noticed Dowan
  5855 | D:6      | Reached skill level 9 in Dodging
  5930 | D:6      | Gained mutation: You passively map a small area around you. [potion of mutation]
  5930 | D:6      | Gained mutation: You are surrounded by a mild repulsion field (EV +2). [potion of mutation]
  5930 | D:6      | Gained mutation: You can spit poison. [potion of mutation]
  5930 | D:6      | Demolished by an orc warrior

Action                   |  1- 3 |  4- 6 |  7- 9 || total
-------------------------+-------+-------+-------++-------
Melee: Dagger            |    66 |     8 |     1 ||    75
       Trident           |       |   119 |    92 ||   211
       Glaive            |       |       |    30 ||    30
 Fire: Blowgun           |    17 |    44 |    28 ||    89
Throw: Javelin           |       |     6 |     3 ||     9
  Use: Scroll            |       |       |     9 ||     9
       Potion            |       |       |     2 ||     2
 Stab: Sleeping          |    10 |    14 |    16 ||    40
       Distracted        |     1 |     1 |     1 ||     3
  Eat: Chunk             |     2 |     7 |     6 ||    15
